 Dungeon Sprint DCSS version bcrawl-1.20 (webtiles) character file.

Game seed: 4489919258626014751

18563 Freyura the Eclecticist (level 12, 0/66 HPs)
             Began as a Fairy Air Elementalist on Jan 19, 2020.
             Was the Champion of Sif Muna.
             Killed by vampiric draining
             ... invoked by a vampire knight
              (11 damage)
             ... in the Dungeon (Sprint IX: "|||||||||||||||||||||||||||||").
             The game lasted 00:31:52 (2392 turns).

Freyura the Eclecticist (Fairy Air Elementalist)    Turns: 2392, Time: 00:31:53

Health: 0/66       AC: 15    Str: 11    XL:     12   Next: 59%
Magic:  27/37      EV: 28    Int: 23    God:    Sif Muna [******]
Gold:   959        SH: 10    Dex: 18    Spells: 13/49 levels left

rFire    . . .     SeeInvis .   (weapon restricted)
rCold    . . .     Gourm    .   (shield restricted)
rNeg     . . .     Faith    .   (armour unavailable)
rPois    .         Spirit   .   H - +2 helmet
rElec    .         Reflect  +   F - +2 cloak
rCorr    .         Harm     .   w - +2 pair of gloves
MR       +....     NoTele   +   n - +2 pair of boots
Stlth    ..........             B - +3 amulet of reflection
HPRegen  0.21/turn              A - ring "Ytip" {Ice +Inv Str+5 Dex+4 Stlth-}
MPRegen  0.25/turn              C - ring of fire

@: corroded
A: small, magic attunement, unstealthy, unfitting armour, able to fly, AC/SH +7
a: Fly, Divine Energy, Channel Magic, Forget Spell, Renounce Religion, Evoke
Invisibility


You were in the Dungeon.
You worshipped Sif Muna.
Sif Muna was exalted by your worship.
You were not hungry.

You visited 1 branch You collected 1931 gold pieces.
You spent 972 gold pieces at shops.

Inventory:

Armour
 n - a +2 pair of boots (worn)
 w - a +2 pair of gloves (worn)
 F - a +2 cloak (worn)
 H - a +2 helmet (worn)
Magical Staves
 m - an uncursed staff of energy
Jewellery
 A - the ring "Ytip" (left hand) {Ice +Inv Str+5 Dex+4 Stlth-}
   (You bought it in a shop in the Dungeon)

   [ring of ice]

   It enhances your ice magic.
   It affects your strength (+5).
   It affects your dexterity (+4).
   It makes you vulnerable to fire.
   It protects you from cold.
   It lets you turn invisible.
   It makes you less stealthy.
 B - a +3 amulet of reflection (around neck)
 C - a ring of fire (right hand)
 E - an uncursed ring of fire
Wands
 l - a wand of iceblast (10)
 y - a wand of paralysis (9)
Scrolls
 i - 4 scrolls of blinking
 j - 4 scrolls of remove curse
 k - 2 scrolls of amnesia
 t - a scroll of identify
 u - 2 scrolls of fear
 v - 2 scrolls of fog
Potions
 a - a potion of invisibility
 b - a potion of flight
 d - 5 potions of curing
 f - a potion of haste
 g - a potion of magic
 h - 2 potions of berserk rage
 q - 3 potions of might
 r - a potion of agility
 s - a potion of resistance
 z - 3 potions of brilliance
 I - a potion of mutation
Comestibles
 e - 11 rations {!d}


   Skills:
 + Level 15.6 Dodging
 - Level 1.5 Stealth
 * Level 19.4 Spellcasting
 + Level 14.2 Conjurations
 + Level 6.1 Charms
 + Level 12.0 Fire Magic
 + Level 14.5 Air Magic
 + Level 12.0 Invocations


You had 13 spell levels left.
You knew the following spells:

 Your Spells              Type           Power        Failure   Level  Hunger
a - Shock                 Conj/Air       #####        0%          1    None
b - Fireball              Conj/Fire      #######...   1%          5    None
c - Lightning Bolt        Conj/Air       ######....   1%          5    None
d - Iskenderun's Battles  Conj/Chrm      ######..     1%          5    None
e - Deflect Missiles      Chrm/Air       ######....   4%          6    None
f - Bolt of Fire          Conj/Fire      #######...   1%          6    None
g - Chain Lightning       Conj/Air       ######....   36%         8    None

Your spell library contained the following spells:

 Spells                   Type           Power        Failure   Level  Hunger
 Flame Tongue             Conj/Fire      #####        0%          1    None
 Magic Dart               Conj           ####         0%          1    None
 Static Discharge         Air            ######..     0%          3    None
 Infusion                 Chrm           ######..     1%          1    None
 Flaming Arrows           Chrm/Fire      #######.     1%          2    None
 Poisonous Vapours        Pois/Air       ######       1%          2    None
 Song of Slaying          Chrm           ######..     1%          2    None
 Swiftness                Chrm/Air       ######..     1%          2    None
 Conjure Flame            Conj/Fire      #######.     1%          3    None
 Dazzling Spray           Conj/Hex       ######       1%          3    None
 Inner Flame              Hex/Fire       N/A          1%          3    None
 Mephitic Cloud           Conj/Pois/Air  ######..     1%          3    None
 Ozocubu's Armour         Chrm/Ice       ######..     1%          3    None
 Regeneration             Chrm/Necr      #####.....   1%          3    None
 Spectral Weapon          Hex/Chrm       #####...     1%          3    None
 Airstrike                Air            ######....   1%          4    None
 Fulminant Prism          Conj/Hex       ######....   1%          4    None
 Sticky Flame             Conj/Fire      #######.     1%          4    None
 Bolt of Magma            Conj/Fire/Erth #######...   1%          5    None
 Conjure Ball Lightning   Conj/Air       ######....   1%          6    None
 Apportation              Tloc           ###...       2%          1    None
 Freeze                   Ice            ####..       2%          1    None
 Summon Butterflies       Summ           ###.....     2%          1    None
 Blink                    Tloc           N/A          3%          2    None
 Call Imp                 Summ           ###...       3%          2    None
 Ensorcelled Hibernation  Hex/Ice        ####..       3%          2    None
 Passwall                 Tmut/Erth      ###.....     3%          2    None
 Shackle                  Hex            ###.....     3%          2    None
 Bolt of Draining         Conj/Necr      ######....   3%          5    None
 Silence                  Hex/Air        ######....   3%          5    None
 Venom Bolt               Conj/Pois      ######....   3%          5    None
 Call Canine Familiar     Summ           ###.....     6%          3    None
 Confuse                  Hex            ###.....     6%          3    None
 False Image              Hex/Summ       ###.....     6%          3    None
 Spider Form              Tmut/Pois      ###          6%          3    None
 Vampiric Draining        Necr           ###.......   6%          3    None
 Steam Barrier            Chrm/Fire      #######...   8%          6    None
 Freezing Cloud           Ice/Air        ######....   17%         6    None
 Bolt of Cold             Conj/Ice       ######....   19%         6    None
 Poison Arrow             Conj/Pois      ######....   19%         6    None
 Animate Dead             Necr           N/A          22%         4    None
 Petrify                  Tmut/Erth      ###.....     22%         4    None
 Agony                    Necr           ###.....     52%         5    None
 Summon Demon             Summ           ###.......   52%         5    None
 Mana Rupture             Conj/Hex       ######....   69%         7    None
 Glaciate                 Conj/Ice/Air   #######...   95%         8    None
 Borgnjor's Vile Clutch   Necr/Erth      ###.......   97%         6    None
 Dispersal                Tloc           ###.......   97%         6    None
 Infestation              Hex/Tmut/Pois  ###......    97%         6    None
 Ozocubu's Refrigeration  Ice            ####......   97%         6    None
 Simulacrum               Ice/Necr       ####......   97%         6    None
 Statue Form              Tmut/Erth      ###......    97%         6    None
 Summon Hydra             Summ           ###.......   97%         6    None
 Tornado                  Air            ######....   99%         9    None
 Summon Horrible Things   Summ           ###.......   100%        8    None
 Dragon's Call            Summ           ###.......   100%        9    None


Dungeon Overview and Level Annotations

Branches:
Dungeon (1/1)

Altars:
Cheibriados
Dithmenos
Elyvilon
Fedhas
Gozag
Hepliaklqana
Kikubaaqudgha
Lugonu
Makhleb
Nemelex Xobeh
Okawaru
Qazlal
Ru
Sif Muna
Trog
Uskayaw
Vehumet
Wu Jian
Xom
Yredelemnul
Zin
The Shining One
Beogh
Jiyva

Shops:
D }%=?


Innate Abilities, Weirdness & Mutations

Your spells do not cause hunger and MP costs are reduced by 1.
Your bright wings attract enemies. (Stealth-)
You cannot fit into any form of body armour.
Your shimmering scales are hard and can block incoming attacks. (AC +7, SH +7)
You are small and have problems with some larger weapons.
You can fly continuously.


Message History

The vampire knight is almost destroyed.
The bolt of lightning hits the great orb of eyes.
You kill the great orb of eyes!
Sif Muna accepts your kill.
You see here Sif Muna's Almanac of the Frostbite.
Sif Muna grants you a gift!
Your Charms skill increases to level 6!
Your Fire Magic skill increases to level 12!
Your Invocations skill increases to level 12!
The bolt of lightning hits the ettin.
The ettin is moderately wounded.
An ice dragon comes into view.
The vampire knight completely misses you.
The vampire knight bites you.
* * * LOW HITPOINT WARNING * * *
The vampire knight draws strength from your injuries!
You pick up Sif Muna's Almanac of the Frostbite and begin reading...
You add the spells Freeze, Ensorcelled Hibernation and Bolt of Cold to your library.
The vampire knight is infused with unholy energy.
You die...

▓'▓.▓.▓.▓.▓.▓
▓.▓.▓)▓.▓∩▓.▓.▓
▓.▓.▓.▓.▓.▓.▓D▓
▓[▓.▓.▓.▓∩▓)▓C▓
▓[▓.▓.▓.▓)▓.▓.▓
▓.▓.▓.▓.▓∩▓.▓[▓
▓)▓.▓÷▓.▓)▓.▓)▓
▓.▓.▓.▓.▓)▓.▓V▓
▓.▓.▓÷▓.▓)▓.▓@▓
▓.▓.▓.▓.▓)▓.▓'▓
▓'▓.▓÷▓.▓)▓.▓:▓
▓_▓.▓.▓.▓)▓.▓.▓
▓_▓.▓.▓)▓.▓.▓.▓
▓_▓.▓.▓.▓.▓.▓.▓
▓_▓.▓.▓.▓.▓.▓.▓
▓_▓.▓.▓.▓.▓.▓.▓
▓_▓.▓÷▓.▓.▓.▓.▓


You could see an ice dragon, a vampire knight and an ettin.

Vanquished Creatures
  A great orb of eyes (D)
  Josephine (D)
  Erica (D)
  A centaur warrior (D)
  6 orc high priests (D)
  A flayed ghost (D)
  A deep elf mage (D)
  An orc knight (D)
  A cyclops (D)
  An ugly thing (D)
  8 elephants (D)
  A torpor snail (D)
  7 cane toads (D)
  3 komodo dragons (D)
  A blink frog (D)
  A hippogriff (D)
  3 wraiths (D)
  A yak (D)
  Eustachio (D)
  Grum (D)
  2 hungry ghosts (D)
  An acid dragon (D)
  2 crocodiles (D)
  A porcupine (D)
  A water moccasin (D)
  12 orc warriors (D)
  An ice beast (D)
  An eye of draining (D)
  A bullfrog (D)
  2 scorpions (D)
  A wight (D)
  2 howler monkeys (D)
  A crimson imp (D)
  A jelly (D)
  4 orc wizards (D)
  12 orc priests (D)
  2 adders (D)
  A leopard gecko (D)
  5 orcs (D)
  2 bat skeletons (D)
  A hobgoblin (D)
  3 bats (D)
  A jackal zombie (D)
102 creatures vanquished.

Vanquished Creatures (others)
  A yaktaur (D)
1 creature vanquished.

Grand Total: 103 creatures vanquished

Notes
Turn   | Place    | Note
-------+----------+-------------------------------------------
     0 | D        | Freyura the Fairy Air Elementalist began the quest for the
                  | Orb.
     0 | D        | Reached XP level 1. HP: 11/11 MP: 6/6
     4 | D        | Reached skill level 3 in Spellcasting
   178 | D        | Reached skill level 4 in Spellcasting
   178 | D        | Reached XP level 2. HP: 17/17 MP: 7/9
   178 | D        | Reached skill level 5 in Spellcasting
   178 | D        | Reached XP level 3. HP: 21/21 MP: 7/11
   218 | D        | Found a roughly hewn altar of Beogh.
   218 | D        | Found a snail-covered altar of Cheibriados.
   218 | D        | Found a shadowy altar of Dithmenos.
   218 | D        | Found a white marble altar of Elyvilon.
   218 | D        | Found a blossoming altar of Fedhas.
   218 | D        | Found an opulent altar of Gozag.
   219 | D        | Found a hazy altar of Hepliaklqana.
   220 | D        | Found a viscous altar of Jiyva.
   221 | D        | Found an ancient bone altar of Kikubaaqudgha.
   222 | D        | Found a corrupted altar of Lugonu.
   223 | D        | Found a burning altar of Makhleb.
   224 | D        | Found a sparkling altar of Nemelex Xobeh.
   225 | D        | Found an iron altar of Okawaru.
   226 | D        | Found a stormy altar of Qazlal.
   227 | D        | Found a sacrificial altar of Ru.
   228 | D        | Found a shimmering blue altar of Sif Muna.
   229 | D        | Found a bloodstained altar of Trog.
   230 | D        | Found a hide-covered altar of Uskayaw.
   231 | D        | Found a radiant altar of Vehumet.
   232 | D        | Found an ornate altar of the Wu Jian Council.
   233 | D        | Found a shimmering altar of Xom.
   234 | D        | Found a basalt altar of Yredelemnul.
   235 | D        | Found a glowing silver altar of Zin.
   236 | D        | Became a worshipper of Sif Muna the Loreminder
   237 | D        | Found a glowing golden altar of the Shining One.
   270 | D        | Noticed a centaur warrior
   270 | D        | Noticed an ice beast
   270 | D        | Noticed a hungry ghost
   270 | D        | Noticed a scorpion
   276 | D        | Reached * piety under Sif Muna
   276 | D        | Reached skill level 5 in Dodging
   276 | D        | Reached skill level 6 in Spellcasting
   276 | D        | Reached skill level 5 in Air Magic
   276 | D        | Reached skill level 1 in Invocations
   276 | D        | Reached XP level 4. HP: 27/27 MP: 12/14
   282 | D        | Reached ** piety under Sif Muna
   282 | D        | Received a gift from Sif Muna
   282 | D        | Reached skill level 7 in Spellcasting
   282 | D        | Reached skill level 5 in Conjurations
   282 | D        | Reached XP level 5. HP: 13/31 MP: 13/17
   282 | D        | Killed a hungry ghost
   282 | D        | Reached skill level 9 in Spellcasting
   282 | D        | Reached XP level 6. HP: 16/36 MP: 14/20
   282 | D        | Killed an ice beast
   282 | D        | Reached skill level 10 in Spellcasting
   288 | D        | Killed a centaur warrior
   288 | D        | Reached *** piety under Sif Muna
   288 | D        | Received a gift from Sif Muna
   288 | D        | Reached skill level 10 in Dodging
   288 | D        | Reached skill level 12 in Spellcasting
   288 | D        | Reached XP level 7. HP: 3/41 MP: 15/24
   288 | D        | Reached XP level 8. HP: 3/46 MP: 16/26
   296 | D        | Learned a level 5 spell: Fireball
   571 | D        | Learned a level 5 spell: Lightning Bolt
   571 | D        | Noticed a komodo dragon
   572 | D        | Reached skill level 1 in Fire Magic
   572 | D        | Identified Risiofif's Guide on Burning Evil Magic (Sif Muna
                  | gifted it to you in the Dungeon)
   572 | D        | Received a gift from Sif Muna
   575 | D        | Reached **** piety under Sif Muna
   580 | D        | Killed a komodo dragon
   580 | D        | Reached skill level 13 in Spellcasting
   786 | D        | Noticed a cane toad
   786 | D        | Noticed a komodo dragon
   786 | D        | Noticed a hippogriff
   786 | D        | Noticed a cane toad
   788 | D        | Killed a hippogriff
   788 | D        | Reached skill level 10 in Air Magic
   788 | D        | Killed a komodo dragon
   788 | D        | Identified Sif Muna's Reference Book on Ensnaring Venom
                  | (Sif Muna gifted it to you in the Dungeon)
   788 | D        | Received a gift from Sif Muna
   788 | D        | Reached XP level 9. HP: 42/51 MP: 19/28
   788 | D        | Noticed a cane toad
   789 | D        | Killed a cane toad
   789 | D        | Reached skill level 10 in Conjurations
   789 | D        | Reached skill level 5 in Fire Magic
   789 | D        | Reached skill level 14 in Spellcasting
   790 | D        | Noticed a komodo dragon
   791 | D        | Killed a cane toad
   791 | D        | Reached ***** piety under Sif Muna
   791 | D        | Identified Sif Muna's Volume of Curses (Sif Muna gifted it
                  | to you in the Dungeon)
   791 | D        | Received a gift from Sif Muna
   794 | D        | Killed a cane toad
   794 | D        | Killed a komodo dragon
   802 | D        | Reached XP level 10. HP: 35/56 MP: 2/30
   934 | D        | Noticed a cane toad
   934 | D        | Noticed a torpor snail
   934 | D        | Noticed a cane toad
   935 | D        | Noticed a cane toad
   936 | D        | Killed a cane toad
   936 | D        | Reached skill level 15 in Spellcasting
   936 | D        | Noticed a cane toad
   937 | D        | Killed a torpor snail
   937 | D        | Identified Sif Muna's Reference Book on Floating Curses
                  | (Sif Muna gifted it to you in the Dungeon)
   937 | D        | Received a gift from Sif Muna
   937 | D        | Killed a cane toad
   938 | D        | Killed a cane toad
   940 | D        | Killed a cane toad
   940 | D        | Identified Sif Muna's Almanac of the Final Emperors (Sif
                  | Muna gifted it to you in the Dungeon)
   940 | D        | Received a gift from Sif Muna
  1053 | D        | Noticed an elephant
  1053 | D        | Noticed an elephant
  1053 | D        | Noticed an elephant
  1053 | D        | Noticed an elephant
  1053 | D        | Noticed an elephant
  1053 | D        | Noticed an elephant
  1055 | D        | Killed an elephant
  1055 | D        | Reached skill level 16 in Spellcasting
  1055 | D        | Killed an elephant
  1056 | D        | Killed an elephant
  1056 | D        | Noticed an elephant
  1057 | D        | Killed an elephant
  1057 | D        | Identified Sif Muna's Compendium of Destructive Sinister
                  | Secrets (Sif Muna gifted it to you in the Dungeon)
  1057 | D        | Received a gift from Sif Muna
  1057 | D        | Reached skill level 10 in Invocations
  1057 | D        | Reached XP level 11. HP: 57/61 MP: 15/33
  1069 | D        | Reached skill level 17 in Spellcasting
  1076 | D        | Learned a level 5 spell: Iskenderun's Battlesphere
  1345 | D        | Noticed Erica
  1356 | D        | Killed Erica
  1356 | D        | Identified Sif Muna's Further Progress in Witchcraft (Sif
                  | Muna gifted it to you in the Dungeon)
  1356 | D        | Received a gift from Sif Muna
  1356 | D        | Reached ****** piety under Sif Muna
  1470 | D        | Learned a level 6 spell: Deflect Missiles
  1477 | D        | Learned a level 6 spell: Bolt of Fire
  1505 | D        | Noticed Josephine
  1510 | D        | Killed Josephine
  1510 | D        | Reached skill level 1 in Charms
  1510 | D        | Reached skill level 10 in Fire Magic
  1660 | D        | Noticed Eustachio
  1664 | D        | Killed Eustachio
  1697 | D        | Received a gift from Sif Muna
  1789 | D        | Noticed an orc knight
  1790 | D        | Identified Sif Muna's Papyrus of the Compass and Calling
                  | (Sif Muna gifted it to you in the Dungeon)
  1790 | D        | Received a gift from Sif Muna
  1793 | D        | Killed an orc knight
  1793 | D        | Reached skill level 18 in Spellcasting
  1961 | D        | Found Neseroq's Magic Scroll Boutique.
  1961 | D        | Noticed an orc high priest
  1961 | D        | Noticed an orc high priest
  1961 | D        | Noticed an orc high priest
  1961 | D        | Noticed an orc high priest
  1966 | D        | Killed an orc high priest
  1966 | D        | Identified Sif Muna's Grimoire of the Rocks and Calling
                  | (Sif Muna gifted it to you in the Dungeon)
  1966 | D        | Received a gift from Sif Muna
  1966 | D        | Killed an orc high priest
  1967 | D        | Noticed an orc high priest
  1968 | D        | Killed an orc high priest
  1968 | D        | Reached XP level 12. HP: 32/66 MP: 8/36
  1969 | D        | Killed an orc high priest
  1969 | D        | Reached skill level 15 in Dodging
  1976 | D        | Identified Sif Muna's Incunabulum of Creative Attacks (Sif
                  | Muna gifted it to you in the Dungeon)
  1976 | D        | Received a gift from Sif Muna
  1978 | D        | Killed an orc high priest
  1978 | D        | Reached skill level 5 in Charms
  1982 | D        | Found Gut Zeo's Jewellery Shop.
  1982 | D        | Noticed an orc high priest
  1984 | D        | Found Udikleh's Food Boutique.
  1988 | D        | Killed an orc high priest
  2007 | D        | Learned a level 8 spell: Chain Lightning
  2154 | D        | Found Vethreps's Gadget Shop.
  2173 | D        | Bought the ring "Ytip" {Ice +Inv Str+5 Dex+4 Stlth-} for
                  | 565 gold pieces
  2173 | D        | Bought a +3 amulet of reflection for 157 gold pieces
  2173 | D        | Bought an uncursed ring of fire for 250 gold pieces
  2211 | D        | Noticed Grum
  2213 | D        | Killed Grum
  2378 | D        | Identified Sif Muna's Handbook of Excruciating Summoning
                  | (Sif Muna gifted it to you in the Dungeon)
  2378 | D        | Received a gift from Sif Muna
  2378 | D        | Reached skill level 19 in Spellcasting
  2385 | D        | Noticed a vampire knight
  2386 | D        | Noticed a great orb of eyes
  2389 | D        | Noticed an ettin
  2391 | D        | Killed a great orb of eyes
  2391 | D        | Identified Sif Muna's Almanac of the Frostbite (Sif Muna
                  | gifted it to you in the Dungeon)
  2391 | D        | Received a gift from Sif Muna
  2391 | D        | Noticed an ice dragon
  2392 | D        | Killed from afar by a vampire knight

Skill      XL: |  1  2  3  4  5  6  7  8  9 10 11 12 |
---------------+-------------------------------------+-----
Spellcasting   | 4 5 6 7 9 12 13 14 16 18 19 | 19.4
Dodging        | 3 4 5 6 7 10 11 12 13 14 15 | 15.6
Air Magic      | 4 5 6 7 9 10 11 12 13 14 | 14.5
Conjurations   | 2 3 5 6 8 9 10 12 13 14 | 14.2
Invocations    | 1 3 4 6 7 8 10 11 12 | 12.0
Fire Magic     | 4 6 9 11 12 | 12.0
Charms         | 4 6 |  6.1
Stealth        | |  1.5

Action                   |  1- 3 |  4- 6 |  7- 9 | 10-12 || total
-------------------------+-------+-------+-------+-------++-------
Melee: Unarmed           |       |       |       |     3 ||     3
 Cast: Shock             |    16 |    11 |    11 |    30 ||    68
       Lightning Bolt    |       |       |    12 |    49 ||    61
       Bolt of Fire      |       |       |       |     5 ||     5
       Iskenderun's Batt |       |       |       |     1 ||     1
       Fireball          |       |       |       |     2 ||     2
       Chain Lightning   |       |       |       |     1 ||     1
 Abil: Stop Flying       |     1 |       |       |       ||     1
  Use: Potion            |     1 |     1 |       |     5 ||     7
       Scroll            |       |       |     2 |     4 ||     6
  Eat: Chunk             |       |       |       |     4 ||     4
Armor: Skin              |     1 |     1 |       |     6 ||     8
Dodge: Dodged            |    15 |     5 |     5 |    28 ||    53
Block: Other             |     1 |     1 |     3 |    13 ||    18
       Reflection        |       |       |       |     2 ||     2
